[Event "Norwegian Team Championship 2019"]
[Site "Drammen"]
[Date "2019.06.02"]
[Round "6.14"]
[White "Fossum, Oystein Boyum"]
[Black "Hagen, Brede Andre Larsen"]
[Result "1-0"]
[ECO "A30"]
[WhiteElo "2258"]
[BlackElo "2041"]
[Annotator "ChessBase"]
[PlyCount "127"]
[EventDate "2019.05.30"]
[EventType "swiss"]
[EventCountry "NOR"]
[SourceTitle "playchess.com"]
[Source "ChessBase"]
[SourceQuality "1"]
[TimeControl "40/5400:1800"]

1. Nf3 Nf6 2. c4 e6 3. g3 b6 4. Bg2 Bb7 5. O-O c5 6. Nc3 a6 7. b3 d6 8. Bb2 Be7 9. e3 O-O 10. Qe2 Nbd7 11. Rfd1 Qc7 12. Rac1 Rfe8 13. d4 Ne4 14. Nb1 Rac8 15. Ne1 Nef6 16. d5 e5 17. e4 Rb8 18. Nd3 Rf8 19. Nd2 Ne8 20. Nf1 Bc8 21. Ne3 g6 22. Rf1 Bf6 23. Bc3 b5 24. Qd2 b4 25. Bb2 Nb6 26. f4 Bg7 27. Qf2 f6 28. Ra1 a5 29. a4 Bh6 30. Bf3 Bh3 31. Rfe1 Qf7 32. Bg4 Bxg4 33. Nxg4 Bg7 34. Re2 f5 35. Ngxe5 dxe5 36. fxe5 fxe4 37. Qxf7+ Rxf7 38. Nxc5 Rf3 39. Rxe4 Rc8 40. Kg2 Rf8 41. Ne6 Nxd5 42. Nxf8 Bxf8 43. cxd5 Rc2+ 44. Kh1 Rxb2 45. Rd1 Ng7 46. Re3 Nf5 47. Rf3 Re2 48. d6 Kg7 49. Rdd3 Rxe5 50. d7 Be7 51. d8=Q Bxd8 52. Rxd8 Kh6 53. Rd2 Rc5 54. Rfd3 Kg5 55. Kg2 h5 56. h3 Re5 57. Kf3 Rc5 58. g4 hxg4+ 59. hxg4 Nh4+ 60. Kg3 Rc1 61. Rd5+ Kh6 62. Kxh4 g5+ 63. Kg3 Rc3+ 64. R2d3 1-0

[Event "Norwegian Team Championship 2019"]
[Site "Drammen"]
[Date "2019.06.02"]
[Round "6.15"]
[White "Lund, Terje"]
[Black "Stenersen, Gudmund"]
[Result "1/2-1/2"]
[ECO "D36"]
[WhiteElo "2055"]
[BlackElo "2183"]
[Annotator "ChessBase"]
[PlyCount "37"]
[EventDate "2019.05.30"]
[EventType "swiss"]
[EventCountry "NOR"]
[SourceTitle "playchess.com"]
[Source "ChessBase"]
[SourceQuality "1"]
[TimeControl "40/5400:1800"]

1. d4 d5 2. c4 e6 3. Nc3 Nf6 4. cxd5 exd5 5. Bg5 Be7 6. e3 c6 7. Bd3 Nbd7 8. Qc2 Nf8 9. Nf3 g6 10. O-O Ne6 11. Bh4 O-O 12. Rab1 a5 13. a3 Ng7 14. b4 axb4 15. axb4 Bf5 16. Bxf5 Nxf5 17. Bxf6 Bxf6 18. b5 Nd6 19. bxc6 1/2-1/2

[Event "Norwegian Team Championship 2019"]
[Site "Drammen"]
[Date "2019.06.02"]
[Round "6.16"]
[White "Abrahamsson, Roaul"]
[Black "Stokhaug, Jon Arne"]
[Result "1/2-1/2"]
[ECO "D37"]
[WhiteElo "1980"]
[BlackElo "1833"]
[Annotator "NA"]
[PlyCount "141"]
[EventDate "2019.05.30"]
[EventType "swiss"]
[EventCountry "NOR"]
[SourceTitle "playchess.com"]
[Source "ChessBase"]
[SourceQuality "1"]
[TimeControl "40/5400:1800"]

1. d4 Nf6 2. Nf3 d5 3. c4 e6 4. Nc3 Be7 5. Bf4 c6 6. e3 O-O 7. Rc1 Nbd7 {[%emt 0:02:03] D37: Queen's Gambit Declined: 5 Bf4} 8. Bd3 (8. h3 a6 9. Be2 b6 10. O-O Bb7 11. Qb3 c5 12. cxd5 Nxd5 13. Bh2 b5 14. Ne4 Qb6 15. dxc5 Nxc5 16. Nxc5 Bxc5 {1-0 (74) Aronian,L (2803)-Wang,H (2735) Beijing 2013}) 8... dxc4 9. Bxc4 a6 10. O-O c5 11. Qc2 ({Better is} 11. Ne5 $14) 11... b5 12. Be2 Bb7 13. dxc5 $146 ({Predecessor:} 13. Rfd1 Qb6 14. Bg5 cxd4 15. exd4 h6 16. Be3 Rac8 {1-0 (57) McMahon,D (2275)-Pytel,M (2070) Avoine 1993}) 13... Nxc5 14. Rfd1 Qb6 15. b4 Ncd7 16. Qb1 Rac8 17. Ne5 Rfd8 18. Nxd7 Rxd7 19. Rxd7 Nxd7 20. a3 Nf6 21. Be5 Qa7 22. Bd3 h6 23. Ne2 Qa8 24. Rxc8+ Qxc8 25. Qc2 Qxc2 26. Bxc2 Nd7 27. Bc3 Bf6 28. Bxf6 Nxf6 29. Nc3 Ne8 30. Bd3 Nc7 31. e4 e5 32. g3 Kf8 33. f4 Ke7 34. Kf2 Kd6 35. a4 Bc6 36. axb5 axb5 37. Ke3 f6 38. f5 Na6 39. Na2 Be8 40. Kd2 Nc7 41. Kc3 Na8 42. Kb2 Bd7 43. Nc3 Nc7 44. Ne2 Na6 45. Kb3 Be8 46. Nc3 Nc7 47. Ne2 Na6 48. g4 Nc7 49. Ng3 Bf7+ 50. Kc3 Kc6 $11 51. Bc2 Kd6 52. Bb3 Bxb3 53. Kxb3 Ke7 54. Kc3 Na6 55. Nf1 Kd6 56. Nd2 Nb8 57. Nf3 Ke7 58. h4 Nc6 59. g5 hxg5 60. hxg5 fxg5 61. Nxg5 Nd4 62. Nh3 Kf6 63. Nf2 Nxf5 64. exf5 Kxf5 65. Kd3 Kf4 66. Ke2 e4 67. Nh3+ Ke5 68. Ke3 Kd5 69. Nf2 Kc4 70. Nxe4 Kxb4 71. Nd6 1/2-1/2

[Event "Norwegian Team Championship 2019"]
[Site "Drammen"]
[Date "2019.06.02"]
[Round "6.18"]
[White "Kolas, Tore"]
[Black "Johansen, Oivind"]
[Result "0-1"]
[ECO "D06"]
[WhiteElo "2120"]
[BlackElo "2042"]
[Annotator "ChessBase"]
[PlyCount "76"]
[EventDate "2019.05.30"]
[EventType "swiss"]
[EventCountry "NOR"]
[SourceTitle "playchess.com"]
[Source "ChessBase"]
[SourceQuality "1"]
[TimeControl "40/5400:1800"]

1. c4 Nf6 2. Nc3 c5 3. Nf3 d5 4. cxd5 Nxd5 5. e4 Nc7 6. d4 cxd4 7. Nxd4 g6 8. Be3 Bg7 9. Be2 O-O 10. O-O Ne6 11. Ncb5 Nxd4 12. Nxd4 Bd7 13. Qb3 e5 14. Nb5 Be6 15. Bc4 Bxc4 16. Qxc4 Nc6 17. Rfd1 Qf6 18. Rd6 Qh4 19. Rad1 a6 20. Nc3 Nd4 21. Rd7 b5 22. Qc7 b4 23. Nd5 Qxe4 24. Bh6 Qe2 25. Ne7+ Kh8 26. Bxg7+ Kxg7 27. Rf1 Nb5 28. Qb6 Rfb8 29. Qc5 Rd8 30. Rxd8 Rxd8 31. Nd5 Qxb2 32. Ne3 Qd4 33. Qe7 h6 34. h3 Qd6 35. Qh4 Nd4 36. Ng4 g5 37. Qh5 Ne2+ 38. Kh1 Nf4 0-1

[Event "Norwegian Team Championship 2019"]
[Site "Drammen"]
[Date "2019.06.02"]
[Round "6.19"]
[White "Mirza, Raad"]
[Black "Bruaset, Eivind"]
[Result "0-1"]
[ECO "B50"]
[WhiteElo "1998"]
[BlackElo "2076"]
[Annotator "NA"]
[PlyCount "165"]
[EventDate "2019.05.30"]
[EventType "swiss"]
[EventCountry "NOR"]
[SourceTitle "playchess.com"]
[Source "ChessBase"]
[SourceQuality "1"]
[TimeControl "40/5400:1800"]

1. e4 c5 2. Nf3 d6 3. Bc4 Nc6 4. c3 Nf6 5. d3 e6 6. Bb3 Be7 7. O-O O-O 8. Be3 Qc7 9. Re1 b6 10. Nbd2 Na5 11. Bc2 Ba6 12. Rc1 Rac8 13. Nf1 Nc6 14. Ng3 Ne5 $11 15. Ng5 d5 16. d4 Ng6 17. e5 Ne8 18. Qh5 Bxg5 19. Bxg5 cxd4 20. cxd4 Qxc2 21. Rxc2 Rxc2 22. Qf3 Nc7 23. Qb3 Rc4 24. Rc1 Rc8 25. Rxc4 Bxc4 26. Qa4 Nb5 27. Be3 Ne7 28. h4 h6 29. Qd1 Bxa2 30. Qg4 Kh7 31. Qf3 Rf8 32. Nh5 Ng8 33. g4 Bb1 34. Qe2 a6 35. g5 g6 36. Ng3 h5 37. Qd1 Bf5 38. Qa4 Ra8 39. Qb4 Kg7 40. Bd2 Bc2 41. Be3 Rc8 42. Qd2 Ne7 43. Ne2 Rc4 44. f3 Nf5 45. Bf2 Kf8 46. Kg2 Ke8 47. Nc1 Nbxd4 48. Bxd4 Rxd4 49. Qc3 Rc4 50. Qa3 Ra4 51. Qc3 Rc4 52. Qa3 a5 53. Kf2 Rxh4 54. Ne2 Ra4 55. Qc3 Rc4 56. Qa3 h4 57. b3 Rc7 58. Qa4+ Kd8 59. Qb5 d4 60. Qxb6 d3 61. Nc3 d2 62. Ke2 h3 63. Kxd2 Kc8 64. Qa6+ Kd8 65. Kxc2 h2 66. Qa8+ Ke7 67. Qh8 Ne3+ 68. Kd3 Nf1 69. Ne4 Rc1 70. Qf6+ Kf8 71. Qh8+ Ke7 72. Nf2 Re1 73. Kc3 Re2 74. Nh1 Rg2 75. Qf6+ Kf8 76. Qh8+ Ke7 77. Qh3 Rg1 78. Nf2 Kd7 79. Qh7 Ke7 80. Qh8 Rg2 81. Ne4 Ne3 82. Nf6 Nd5+ 83. Kd3 0-1

[Event "Norwegian Team Championship 2019"]
[Site "Drammen"]
[Date "2019.06.02"]
[Round "6.20"]
[White "Juriloo, Karl"]
[Black "Rukovci, Shemsi"]
[Result "1/2-1/2"]
[ECO "C42"]
[WhiteElo "1978"]
[BlackElo "1914"]
[Annotator "NA"]
[PlyCount "93"]
[EventDate "2019.05.30"]
[EventType "swiss"]
[EventCountry "NOR"]
[SourceTitle "playchess.com"]
[Source "ChessBase"]
[SourceQuality "1"]
[TimeControl "40/5400:1800"]

1. e4 e5 2. Nf3 Nf6 3. Nxe5 d6 4. Nf3 Nxe4 5. Nc3 Nf6 6. d4 d5 {[%emt 0:00:33] C42: Petroff Defence: 3 Nxe5 and unusual White 3rd moves} 7. Bd3 Bd6 8. Qe2+ $146 ({Predecessor:} 8. O-O O-O 9. h3 h6 10. Re1 c6 11. Ne2 Re8 12. Ng3 Rxe1+ {½-½ (12) Gashimov,V (2758)-Mamedyarov,S (2719) Moscow 2009}) 8... Qe7 9. Qxe7+ Bxe7 10. Nb5 Na6 11. Bf4 c6 12. Nd6+ Bxd6 13. Bxd6 Ne4 14. Bxe4 dxe4 15. Nd2 Bf5 16. O-O-O O-O-O 17. Bf4 Rxd4 18. Be5 Rd5 19. Nc4 Kd7 20. Ne3 Rxd1+ 21. Rxd1+ Ke6 $16 22. Bf4 Bg6 23. g4 Ke7 24. h4 h5 25. gxh5 Rxh5 26. b4 f6 27. a3 Rxh4 28. Bd6+ Ke6 29. Bg3 Rh3 30. Rd8 Bf7 31. Rd6+ Ke7 32. Nf5+ Ke8 33. Nxg7+ Kf8 34. Nf5 Nc7 35. Rxf6 Ne8 36. Bd6+ Nxd6 37. Nxd6 Ke7 38. Nxe4 Bd5 39. Rf4 Rxa3 40. Nc5 b6 41. Nd3 a5 42. Kb2 Ra2+ 43. Kb1 Ra3 44. bxa5 Rxa5 45. c4 Be6 46. Kb2 Rf5 47. Re4 1/2-1/2